 Dungeon Crawl Stone Soup version 0.29.0-5-ge4962eb29e (webtiles) character file.

Game seed: 10508646024600322434

3 themarg the Stinger (level 1, 0/17 HPs)
             Began as a Gnoll Wanderer on Aug 28, 2022.
             Slain by a ball python (2 damage)
             ... on level 1 of the Dungeon.
             The game lasted 00:00:39 (202 turns).

themarg the Stinger (Gnoll Wanderer)                 Turns: 202, Time: 00:00:39

Health: 0/17       AC:  2    Str: 10    XL:     1   Next: 50%
Magic:  4/4        EV:  9    Int: 10    God:
Gold:   15         SH:  4    Dex: 13    Spells: 5/5 levels left

rFire   . . .      SeeInvis .   a - +0 dagger
rCold   . . .      Faith    .   d - +0 buckler
rNeg    . . .      Spirit   .   c - +0 robe
rPois   .          Reflect  .   (no helmet)
rElec   .          Harm     .   (no cloak)
rCorr   .          Rampage  .   (no gloves)
Will    .....                   (no boots)
Stlth   ++........              (no amulet)
HPRegen 0.05/turn               (no ring)
MPRegen 0.09/turn               (no ring)

@: constricted
A: fangs 1, strong nose, distributed training
a: no special abilities


You were on level 1 of the Dungeon.
You visited 1 branch of the dungeon, and saw 1 of its levels.

You collected 15 gold pieces.

Inventory:

Hand Weapons
 a - a +0 dagger (weapon)
Armour
 c - a +0 robe (worn)
 d - a +0 buckler (worn)
Scrolls
 e - a scroll of identify {unknown}
Potions
 b - a potion of haste


   Skills:
 + Level 2.3 Fighting
 + Level 0.0 Short Blades
 + Level 0.0 Long Blades
 + Level 0.0 Axes
 + Level 0.0 Maces & Flails
 + Level 0.0 Polearms
 + Level 0.0 Staves
 + Level 0.0 Ranged Weapons
 + Level 0.0 Throwing
 + Level 0.0 Armour
 + Level 2.3 Dodging
 + Level 2.1 Stealth
 + Level 2.3 Shields
 + Level 0.0 Unarmed Combat
 + Level 2.6 Spellcasting
 + Level 0.0 Conjurations
 + Level 0.0 Hexes
 + Level 0.0 Summonings
 + Level 0.0 Necromancy
 + Level 0.0 Translocations
 + Level 1.9 Transmutations
 + Level 0.0 Fire Magic
 + Level 0.0 Ice Magic
 + Level 0.0 Air Magic
 + Level 0.0 Earth Magic
 + Level 5.3 Poison Magic
 + Level 0.1 Invocations
 + Level 2.3 Evocations


You had 5 spell levels left.
You didn't know any spells.
Your spell library contained the following spells:

 Spells                   Type           Power      Damage    Failure   Level
 Sting                    Tmut/Pois      32%        1d4       9%          1
 Beastly Appendage        Tmut           10%        N/A       17%         1
 Poisonous Vapours        Pois/Air       12%        N/A       19%         2
 Ignite Poison            Fire/Tmut/Pois 6%         N/A       38%         3


Dungeon Overview and Level Annotations

Branches:
Dungeon (1/15)

Altars:


Innate Abilities, Weirdness & Mutations

You have very sharp teeth.
Your uncanny sense of smell can sniff out nearby items.
Your experience applies equally to all skills.


Message History

You hit the endoplasm.
You kill the endoplasm!
You start resting.
HP restored.
e - a scroll labelled REMIOJ OMO You now have 7 gold pieces.
You see here a +0 whip.
You now have 15 gold pieces (gained 8).
Found a club.
A goblin comes into view. It is wielding a +0 club.
The helpless goblin fails to defend itself.
You hit the goblin.
You kill the goblin!
Things that are here:
a +0 club; a goblin corpse
Found a spear.
A ball python and a hobgoblin come into view.
Found a robe.
A kobold comes into view. It is wielding a +0 dagger.
Found 18 gold pieces.
You see here a +0 robe.
The kobold shouts!
The ball python hisses angrily.
The ball python closely misses you. The ball python grabs you.
The ball python constricts you. You block the kobold's attack.
The hobgoblin hits you. The ball python bites you.
The ball python constricts you.
You hit the hobgoblin.
You bite the hobgoblin, but do no damage.
The hobgoblin is lightly wounded.
The ball python bites you. The ball python constricts you.
The kobold hits you but does no damage. The hobgoblin barely misses you.
You closely miss the hobgoblin.
The hobgoblin is lightly wounded.
The ball python bites you. The ball python constricts you.
The kobold hits you but does no damage. The hobgoblin hits you.
* * * LOW HITPOINT WARNING * * *
You barely miss the hobgoblin.
The hobgoblin is lightly wounded.
The ball python bites you.
You die...

## #.. #.# #.#
#.. #.#####
#.#)#S# ..
#..[@g#
....###.#$#K#
#.....#####...
#.###.......#
#.#.....#
#.#.#.#.#
#.#.# # #.#.#
#.#.#


You could see a hobgoblin, a ball python and a kobold.

Vanquished Creatures
  An endoplasm (D:1)
  A goblin (D:1)
  A rat (D:1)
3 creatures vanquished.

Notes
Turn   | Place    | Note
-------+----------+-------------------------------------------
     0 | D:1      | themarg the Gnoll Wanderer began the quest for the Orb.
     0 | D:1      | themarg set off with the following items: a +0 dagger, a
                  | potion of haste, a +0 robe, a +0 buckler; and the following
                  | spells available to memorise: Sting, Beastly Appendage,
                  | Poisonous Vapours, Ignite Poison.
     0 | D:1      | Reached XP level 1. HP: 17/17 MP: 4/4
   202 | D:1      | Slain by a ball python

Illustrated notes

Levels and vault maps discovered:
D:1:      eino_arrival_water_cross, layout_basic, minmay_split_cup_small

Action                   || total
-------------------------++-------
Melee: Dagger            ||     9
       Bite              ||     2
 Stab: Sleeping          ||     2
Armor: Robe              ||     3
Dodge: Dodged            ||     3
Block: Buckler           ||     1
